 Dungeon Crawl Stone Soup version 0.29.1-13-g9f3cf754e1 (webtiles) character file.

Game seed: 9018656606794890104

67 RapScallion the Conjurer (level 4, -5/24 HPs)
             Began as a Deep Elf Conjurer on Jan 21, 2023.
             Slain by a gnoll
             ... wielding a +0 flail
              (11 damage)
             ... on level 2 of the Dungeon.
             The game lasted 00:17:41 (1778 turns).

RapScallion the Conjurer (Deep Elf Conjurer)        Turns: 1778, Time: 00:17:43

Health: -5/24      AC:  2    Str:  4    XL:     4   Next: 0%
Magic:  3/11       EV: 12    Int: 25    God:
Gold:   74         SH:  0    Dex: 13    Spells: 7/10 levels left

rFire   . . .      SeeInvis .   e - +1 short sword (speed)
rCold   . . .      Faith    .   (no shield)
rNeg    . . .      Spirit   .   a - +0 robe
rPois   .          Reflect  .   (no helmet)
rElec   .          Harm     .   (no cloak)
rCorr   .          Rampage  .   (no gloves)
Will    .....                   (no boots)
Stlth   ++........              d - amulet of regeneration
HPRegen 0.88/turn               (no ring)
MPRegen 0.12/turn               (no ring)

@: no status effects
A: no striking features
a: no special abilities


You were on level 2 of the Dungeon.
You visited 1 branch of the dungeon, and saw 2 of its levels.

You collected 74 gold pieces.

Inventory:

Hand Weapons
 e - a +1 short sword of speed (weapon)
 j - a +0 short sword of venom
Armour
 a - a +0 robe (worn)
Jewellery
 d - an amulet of regeneration (around neck)
Scrolls
 f - a scroll of brand weapon {unknown}
 h - a scroll of fear {unknown}
 i - 2 scrolls of noise {unknown}
Potions
 b - a potion of magic
 c - 2 potions of curing {unknown}
 g - a potion of ambrosia {unknown}


   Skills:
 - Level 2.4 Dodging
 - Level 2.5 Stealth
 + Level 3.7 Spellcasting
 + Level 5.8 Conjurations


You had 7 spell levels left.
You knew the following spells:

 Your Spells              Type           Power      Damage    Failure   Level
a - Magic Dart            Conj           100%       1d8       1%          1
b - Searing Ray           Conj           66%        2d6       1%          2

Your spell library contained the following spells:

 Spells                   Type           Power      Damage    Failure   Level
 Dazzling Flash           Conj/Hex       38%        N/A       9%          3
 Apportation              Tloc           8%         N/A       10%         1
 Necrotise                Necr           16%        1d4       10%         1
 Summon Small Mammal      Summ           16%        N/A       10%         1
 Fulminant Prism          Conj/Hex       9%         3d7       28%         4
 Iskenderun's Mystic Bla  Conj/Tloc      19%        2d6       28%         4


Dungeon Overview and Level Annotations

Branches:
Dungeon (2/15)

Altars:


Message History

Aim: a gnoll, wielding a +0 club (heavily wounded, 82% to hit)
The searing ray hits the gnoll.
The gnoll is severely wounded. (Press . to maintain the ray.)
The gnoll hits you with a +0 club.
* * * LOW HITPOINT WARNING * * *
The gnoll attacks as you move away! The gnoll misses you.
The gnoll attacks as you move away! The gnoll closely misses you. x2
The gnoll attacks as you move away! The gnoll closely misses you.
Casting: Searing Ray (safe; 1% risk of failure)
Confirm with . or Enter, or press ? or * to list all spells.
Aiming: Magic Dart (safe; 1% risk of failure)
Press: ? - help, Shift-Dir - straight line, f/p - gnoll
Aim: a gnoll, wielding a +0 club (severely wounded, 100% to hit)
The magic dart hits the gnoll.
You kill the gnoll!
The gnoll hits you with a +0 flail!
You have reached level 4!
You feel clever. The gnoll attacks as you move away!
The gnoll closely misses you.
Casting: Magic Dart (safe; 1% risk of failure)
Confirm with . or Enter, or press ? or * to list all spells.
Aiming: Magic Dart (safe; 1% risk of failure)
Press: ? - help, Shift-Dir - straight line, f - gnoll
Aim: a gnoll, wielding a +0 flail (100% to hit)
The magic dart hits the gnoll.
The gnoll is moderately wounded.
The gnoll barely misses you. The gnoll attacks as you move away!
The gnoll hits you with a +0 flail. The gnoll attacks as you move away!
The gnoll hits you with a +0 flail.
* * * LOW HITPOINT WARNING * * *
Casting: Magic Dart (safe; 1% risk of failure)
Confirm with . or Enter, or press ? or * to list all spells.
Aiming: Magic Dart (safe; 1% risk of failure)
Press: ? - help, Shift-Dir - straight line, f/p - gnoll
Aim: a gnoll, wielding a +0 flail (moderately wounded, 100% to hit)
The magic dart hits the gnoll!
The gnoll is almost dead.
The gnoll hits you with a +0 flail!
You die...

#.#.# ###...###...##.# #
#.#.#######.#.###†..#..#.. #
#.#.........#)#...####.##.# #
#.#.......#.#...###...†.#.. ###
#.#.#####.#.##.##....##.##.####..
#.#.#####.#.##.g#.....#..#..#...#
#.#..........##.##....##.##...###
#.#######.#####.g#..###.....#####
#.# ###†######@####...##### #..
#.# #......# #..#...### #.# #.#
#......# ##...### #..
#.#####......# #.### ##.
......'....P.# #.# ###
#######).....####.# #..
#..P.PP.....# ######'
#....♣♣....## #......
##.PP♣♣....# #......


You could see 2 gnolls.

Vanquished Creatures
  An adder (D:2)
  A gnoll (D:2)
  2 worms (D:2)
  2 dart slugs
  2 ball pythons
  2 endoplasms (D:2)
  A giant cockroach (D:1)
  5 goblins
  3 hobgoblins
  4 kobolds
  10 bats
  A frilled lizard (D:1)
  4 rats (D:1)
38 creatures vanquished.

Notes
Turn   | Place    | Note
-------+----------+-------------------------------------------
     0 | D:1      | RapScallion the Deep Elf Conjurer began the quest for the
                  | Orb.
     0 | D:1      | Reached XP level 1. HP: 10/10 MP: 6/6
   210 | D:1      | You fall into a shaft and drop 1 floor!
   235 | D:2      | Reached XP level 2. HP: 15/15 MP: 0/8
   426 | D:2      | Reached skill level 5 in Conjurations
   648 | D:1      | Learned a level 2 spell: Searing Ray
   835 | D:1      | Reached XP level 3. HP: 19/19 MP: 6/9
  1773 | D:2      | Reached XP level 4. HP: 9/24 MP: 4/11
  1778 | D:2      | Slain by a gnoll

Illustrated notes

Levels and vault maps discovered:
D:1:      ncdulo_watergridlock, layout_loops_cross, minivault_11, minmay_3d_cube
D:2:      minmay_skewed_foursquare, layout_basic, serial_forest,
          infiniplex_forest_pool, infiniplex_forest_lined_room_2,
          infiniplex_forest_zigzag_1, infiniplex_forest_lined_2,
          infiniplex_forest_straight_2, infiniplex_forest_lined_1,
          infiniplex_forest_clump_long, infiniplex_forest_lined_2

Skill      XL: |  1  2 |
---------------+-------+-----
Conjurations   | 5 |  5.8
Dodging        | |  2.4
Stealth        | |  2.5
Spellcasting   | |  3.7

Action                   |  1- 3 |  4- 6 || total
-------------------------+-------+-------++-------
Melee: Unarmed           |     3 |       ||     3
       Short sword       |     2 |       ||     2
 Cast: Magic Dart        |    64 |     2 ||    66
       Searing Ray       |     7 |       ||     7
Armor: Robe              |     9 |       ||     9
Dodge: Dodged            |    20 |     2 ||    22
